 Dungeon Crawl Stone Soup version 0.30-a0-743-gbfdf073431 (webtiles) character file.

Game seed: 13975373215503069068

1156 kingofthe the Sneak (level 8, -18/46 HPs)
             Began as an Octopode Conjurer on Feb 5, 2023.
             Killed from afar by a steam dragon (29 damage)
             ... with a ball of steam
             ... on level 6 of the Dungeon.
             The game lasted 00:19:10 (6818 turns).

kingofthe the Sneak (Octopode Conjurer)             Turns: 6818, Time: 00:19:12

Health: -18/46     AC:  1    Str:  7    XL:     8   Next: 39%
Magic:  11/15      EV: 15    Int: 20    God:
Gold:   233        SH:  0    Dex: 12    Spells: 7/17 levels left

rFire   . . .      SeeInvis .    a - +5 hand axe of the Usurping Visionary {drain, Fly rC+}
rCold   + . .      Faith    .    (no shield)
rNeg    + . .      Spirit   .    (helmet restricted)
rPois   .          Reflect  .    (no amulet)
rElec   .          Harm     .    k - ring of positive energy
rCorr   .          Rampage  .    (no ring)
Will    .....                    (no ring)
Stlth   ++++                     (no ring)
HPRegen 0.27/turn                (no ring)
MPRegen 0.14/turn                (no ring)
                                 (no ring)
                                 (no ring)

@: flying
A: almost no armour, amphibious, 8 rings, camouflage 1, gelatinous body 1,
(nimble swimmer 1), tentacles
a: no special abilities


You were on level 6 of the Dungeon.
You visited 2 branches of the dungeon, and saw 7 of its levels.

You collected 275 gold pieces.
You spent 42 gold pieces at shops.

Inventory:

Hand Weapons
 a - the +5 hand axe of the Usurping Visionary (weapon) {drain, Fly rC+}
   (You found it on level 5 of the Dungeon)

   rC:        It protects you from cold.
   Fly:       It grants you flight.
 b - a +2 short sword of venom
Magical Staves
 f - a staff of cold
Jewellery
 e - an amulet of faith
 k - a ring of positive energy (left tentacle)
Wands
 o - a wand of roots (5)
Scrolls
 c - 5 scrolls of identify {unknown}
 h - 2 scrolls of enchant weapon {unknown}
 i - a scroll of teleportation
 j - a scroll of fear {unknown}
 l - a scroll of amnesia {unknown}
 r - 2 scrolls of brand weapon {unknown}
 s - a scroll of vulnerability {unknown}
 u - a scroll of butterflies {unknown}
Potions
 d - 2 potions of invisibility {unknown}
 g - a potion of berserk rage {unknown}
 m - a potion of ambrosia {unknown}
 n - a potion of might {unknown}
 p - a potion of flight {unknown}
 q - 4 potions of curing {unknown}
 t - a potion of magic


   Skills:
 * Level 6.0 Dodging
 - Level 6.0 Stealth
 + Level 5.0 Spellcasting
 + Level 5.5 Conjurations
 + Level 2.0 Hexes


You had 7 spell levels left.
You knew the following spells:

 Your Spells              Type           Power      Damage    Failure   Level
a - Magic Dart            Conj           100%       1d8       1%          1
b - Searing Ray           Conj           54%        2d6       1%          2
c - Fulminant Prism       Conj/Hex       10%        3d8       24%         4
d - Mephitic Cloud        Conj/Pois/Air  12%        N/A       16%         3

Your spell library contained the following spells:

 Spells                   Type           Power      Damage    Failure   Level
 Dazzling Flash           Conj/Hex       40%        N/A       7%          3
 Hailstorm                Conj/Ice       16%        3d6       11%         3
 Freeze                   Ice            20%        1d4       12%         1
 Cigotuvi's Dreadful Rot  Necr/Pois/Air  10%        N/A       17%         2
 Poisonous Vapours        Pois/Air       10%        N/A       17%         2
 Portal Projectile        Hex/Tloc       18%        N/A       22%         3
 Call Canine Familiar     Summ           5%         N/A       34%         3
 Frozen Ramparts          Ice            10%        1d2       34%         3
 Iskenderun's Mystic Bla  Conj/Tloc      16%        2d5       36%         4
 Leda's Liquefaction      Hex/Erth       4%         N/A       58%         4


Dungeon Overview and Level Annotations

Branches:
Dungeon (6/15)             Temple (1/1) D:5

Altars:
Dithmenos
Elyvilon
Gozag
Makhleb
Trog
Uskayaw
Vehumet
Xom
Zin
The Shining One

Shops:
D:2 ?


Innate Abilities, Weirdness & Mutations

You cannot wear most types of armour.
You are amphibious.
You can wear up to eight rings at the same time.
Your skin changes colour to match your surroundings (Stealth+).
Your rubbery body absorbs attacks. (AC +1, EV +1)
((You are camouflaged when in or above water. (Stealth+)))
You have tentacles for arms and can constrict up to eight enemies at once.


Message History

Magic restored.
You now have 233 gold pieces (gained 6).
u - a scroll labelled AHUOMN JATEM
There is a stone staircase leading up, spattered with blood here.
Found 16 gold pieces.
A steam dragon comes into view.
You see here a smoky blue potion.
You see here a smoky blue potion.
The magic dart hits the steam dragon but does no damage.
The steam dragon hisses angrily.
The magic dart hits the steam dragon.
The steam dragon is lightly wounded.
The magic dart hits the steam dragon but does no damage.
The steam dragon is lightly wounded.
Casting: Magic Dart (safe; 1% risk of failure)
Confirm with . or Enter, or press ? or * to list all spells.
Aiming: Magic Dart (safe; 1% risk of failure)
Press: ? - help, Shift-Dir - straight line, f/p - steam dragon
Aim: a steam dragon (lightly wounded, 100% to hit)
The magic dart hits the steam dragon.
The steam dragon is moderately wounded.
The steam dragon breathes steam at you. The ball of steam hits you!
Casting: Magic Dart (safe; 1% risk of failure)
Confirm with . or Enter, or press ? or * to list all spells.
Aiming: Magic Dart (safe; 1% risk of failure)
Press: ? - help, Shift-Dir - straight line, f/p - steam dragon
Aim: a steam dragon (moderately wounded, catching its breath, 100% to hit)
The magic dart hits the steam dragon.
The steam dragon is heavily wounded.
The steam dragon breathes steam at you. The ball of steam hits you!!
Ouch! That really hurt!
* * * LOW HITPOINT WARNING * * *
The hound barks!
You hear a shout!
The steam dragon breathes steam at you. The ball of steam hits you!!
Ouch! That really hurt!
You die...

....... ....#
###....# #...#
#.<....##. #...#
.............. #...#
#..........##.###...#
#..........##.......#
............##......#
........##.###...##.#
........#...###§@####
.)#..?..h.###.D.).#
.......§#....##
##..!h.##)##
#......§.§§#
#.............
.........#$......
.........##..#...#
.###...### ####.##


You could see a steam dragon (catching breath) and a hound.

Vanquished Creatures
  An ice beast (D:5)
  An ogre (D:4)
  Blork the orc (D:4)
  A kobold brigand (D:6)
  2 howler monkeys (D:5)
  4 hounds
  2 jellies (D:5)
  7 orc priests
  3 iguanas (D:5)
  3 orc wizards
  4 gnolls (D:3)
  6 adders
  A shadow imp (D:5)
  2 white imps (D:5)
  4 worms
  3 dart slugs (D:2)
  7 orcs
  7 ball pythons
  4 bats
  8 endoplasms
  3 giant cockroaches
  9 hobgoblins
  5 jackals
  12 kobolds
  3 quokkas
  4 frilled lizards
  5 goblins
  2 rats
114 creatures vanquished.

Notes
Turn   | Place    | Note
-------+----------+-------------------------------------------
     0 | D:1      | kingofthe the Octopode Conjurer began the quest for the
                  | Orb.
     0 | D:1      | Reached XP level 1. HP: 11/11 MP: 3/3
   200 | D:1      | Reached XP level 2. HP: 17/17 MP: 0/5
   490 | D:1      | Learned a level 2 spell: Searing Ray
  1161 | D:2      | Reached XP level 3. HP: 21/21 MP: 4/6
  1720 | D:2      | Reached XP level 4. HP: 27/27 MP: 1/8
  1913 | D:2      | Found Puex Atano's Magic Scroll Shop.
  1925 | D:2      | Bought a scroll of teleportation for 42 gold pieces
  2529 | D:3      | Reached XP level 5. HP: 31/31 MP: 5/9
  3655 | D:4      | Noticed Blork the orc
  3662 | D:4      | Killed Blork the orc
  3663 | D:4      | Reached XP level 6. HP: 12/36 MP: 1/11
  4245 | D:4      | HP: 1/36 [orc priest/divine providence (11)]
  4248 | D:5      | Entered Level 5 of the Dungeon
  4390 | D:4      | Reached XP level 7. HP: 37/41 MP: 9/13
  4492 | D:4      | Reached skill level 5 in Conjurations
  4743 | D:4      | Reached skill level 5 in Stealth
  4748 | D:4      | Learned a level 4 spell: Fulminant Prism
  4828 | D:4      | Reached skill level 5 in Dodging
  5179 | D:5      | Reached skill level 1 in Hexes
  5344 | D:5      | Found a staircase to the Ecumenical Temple.
  5352 | Temple   | Entered the Ecumenical Temple
  5589 | D:5      | Reached XP level 8. HP: 46/46 MP: 9/15
  6183 | D:5      | Identified the +5 hand axe of the Usurping Visionary
                  | {drain, Fly rC+}
  6291 | D:5      | Learned a level 3 spell: Mephitic Cloud
  6539 | D:5      | Reached skill level 5 in Spellcasting
  6818 | D:6      | Killed from afar by a steam dragon

Illustrated notes

Levels and vault maps discovered:
D:1:      scummos_arrival_forest, layout_basic, dk_noncrumbling_3,
          chequers_serial_rivers_small_b
D:2:      kennysheep_big_flooded_room, layout_basic, serial_shops, shop
D:3:      layout_loops_corners, amethyst_killhole, minmay_cupped
D:4:      layout_loops_ring, portal_sewer_entry_d, uniq_blork_the_orc
D:5:      layout_basic, minmay_temple_entry_large_hall, st_stairs_11,
          grunt_ministairs_1
D:6:      layout_cave_pools, mainiacjoe_overflow_24_doors,
          lemuel_zombie_altar_yredelemnul, uniq_edmund
Temple:   eino_temple_lava

Skill      XL: |  1  2  3  4  5  6  7  8 |
---------------+-------------------------+-----
Stealth        | 3 4 5 6 |  6.0
Dodging        | 3 4 5 6 |  6.0
Spellcasting   | 3 4 5 |  5.0
Conjurations   | 5 |  5.5
Hexes          | 1 2 |  2.0

Action                     |  1- 3 |  4- 6 |  7- 9 || total
---------------------------+-------+-------+-------++-------
  Melee: Unarmed           |     4 |       |       ||     4
         Constrict         |     1 |     2 |     1 ||     4
         Tentacles         |     1 |     2 |       ||     3
         Staff             |       |    10 |       ||    10
         Hand axe          |       |       |     3 ||     3
   Cast: Magic Dart        |    65 |    81 |    47 ||   193
         Searing Ray       |     3 |    15 |    28 ||    46
 Armour: Skin              |       |     2 |     4 ||     6
  Dodge: Dodged            |     2 |    16 |    25 ||    43

Table legend: (Time is in decaauts)
 A = Elapsed time spent in this place.
 B = Non-inter-level travel time spent in this place.
 C = Inter-level travel time spent in this place.
 D = Time resting spent in this place.
 E = Time spent auto-exploring this place.
 F = Levels seen in this place.
 G = Mean time per level.
                   A        B        C        D        E       F      G
               +--------+--------+--------+--------+--------+-----+--------+
         Total |   6821 |   6596 |    225 |    848 |   5004 |   7 |  974.4 |
       Dungeon |   6742 |   6526 |    216 |    848 |   4939 |   6 | 1123.7 |
        Temple |     78 |     69 |      9 |      0 |     65 |   1 |   78.0 |
               +--------+--------+--------+--------+--------+-----+--------+

Top non-repeatable levels by time:
     D:5: 1719 daAuts
     D:3: 1511 daAuts
     D:4: 1336 daAuts
     D:1: 1142 daAuts
     D:2: 936 daAuts
     D:6: 96 daAuts
  Temple: 78 daAuts
